 Dungeon Sprint DCSS version 0.28-a0-268-g3f656e82c2 (webtiles) character file.

Game seed: 6547294983519375598

563 Ankalagon the Prestidigitator (level 7, -16/82 HPs)
             Began as a Deep Dwarf Conjurer on Aug 29, 2021.
             Was an Elder of Makhleb.
             Killed from afar by a quicksilver dragon (37 damage)
             ... with a bolt of dispelling energy
             ... summoned by Ateibunn
             ... in the Dungeon (Sprint V: "Ziggurat Sprint").
             The game lasted 00:02:44 (258 turns).

Ankalagon the Prestidigitator (Deep Dwarf Conjurer)  Turns: 258, Time: 00:02:44

Health: -16/82     AC: 15    Str: 25    XL:     7   Next: 10%
Magic:  9/9        EV:  8    Int: 18    God:    Makhleb [****..]
Gold:   0          SH:  8    Dex: 11    Spells: 8/9 levels left

rFire   . . .      SeeInvis .   N - +7 Screaming Sword {vorpal, sonic wave}
rCold   . . .      Faith    .   q - +3 buckler
rNeg    + . .      Spirit   .   j - +5 storm dragon scales
rPois   .          Reflect  .   (no helmet)
rElec   +          Harm     .   (no cloak)
rCorr   .          Rampage  .   (no gloves)
Will    ++++.      Clarity  +   (no boots) Stlth ..........NoTele +
                                U - amulet of the Four Winds {rN+ Will+++ Clar}
HPRegen 0.00/turn               J - +6 ring of strength
MPRegen 0.11/turn               K - +6 ring of strength

@: berserking, very quick
A: damage resistance, heal wounds, sense surroundings 1, no regeneration
a: Heal Wounds, Renounce Religion, Minor Destruction, Lesser Servant of Makhleb,
Major Destruction


You were in the Dungeon.
You worshipped Makhleb.
Makhleb was greatly pleased with you.
You visited 1 branch

Inventory:

Hand Weapons
 N - the +7 Screaming Sword (weapon) {vorpal, sonic wave}
   (You found it in the Dungeon)

   It inflicts extra damage upon your enemies.
   It radiates damaging sonic waves as it strikes, especially in combat
   involving dangerous or numerous foes.
 O - the +5 sword of Power {vorpal}
   (You found it in the Dungeon)

   It inflicts extra damage upon your enemies.
   It occasionally discharges a powerful but inaccurate bolt of energy upon
   striking a foe, with increased chance the greater the wielder's current
   health.
 P - the +9 sword of Zonguldrok {reap}
   (You found it in the Dungeon)

   Any living foe damaged by it may be reanimated upon death as a zombie
   friendly to the wielder, with an increasing chance as more damage is dealt.
Armour
 a - a +0 robe
 h - +5 fire dragon scales
 i - +5 ice dragon scales
 j - +5 storm dragon scales (worn)
 k - +5 shadow dragon scales
 l - +5 gold dragon scales
 m - a +5 crystal plate armour
 n - a +5 plate armour
 o - a +3 kite shield
 p - a +3 tower shield
 q - a +3 buckler (worn)
 M - the +18 shield of the Gong {rElec rN+ Will+ EV-5}
   (You found it in the Dungeon)

   It is deafeningly noisy when blocking attacks.
   EV:        It affects your evasion (-5).
   rElec:     It insulates you from electricity.
   rN:        It protects you from negative energy.
   Will:      It increases your willpower.
 Q - +0 ice dragon scales
Jewellery
 u - a ring of positive energy
 E - a ring of flight
 F - a +6 ring of dexterity
 G - a +6 ring of dexterity
 H - a +6 ring of intelligence
 I - a +6 ring of intelligence
 J - a +6 ring of strength (left hand)
 K - a +6 ring of strength (right hand)
 S - the ring "Emaint" {Fly Int+4}
   (You found it in the Dungeon)

   [ring of flight]

   Int:       It affects your intelligence (+4).
   Fly:       It grants you flight.
 T - a ring of magical power
 U - the amulet of the Four Winds (around neck) {rN+ Will+++ Clar}
   (You found it in the Dungeon)

   [amulet of nothing]

   rN:        It protects you from negative energy.
   Clar:      It protects you against confusion.
   Will:      It greatly increases your willpower.
Wands
 B - a wand of mindburst (7)
 C - a wand of iceblast (7)
 D - a wand of acid (7)
Scrolls
 g - 3 scrolls of blinking
 w - 7 scrolls of fog
 x - a scroll of holy word
 y - 5 scrolls of identify
 z - 2 scrolls of fear
 A - 4 scrolls of amnesia
Potions
 b - 10 potions of curing
 c - 6 potions of heal wounds
 d - 5 potions of haste
 e - 7 potions of magic
 f - a potion of berserk rage
 r - 2 potions of brilliance
 s - 2 potions of invisibility
 t - 4 potions of resistance
 v - 4 potions of might
Miscellaneous
 L - a lightning rod (4/4) (quivered)
 R - a phial of floods
 V - a phantom mirror


   Skills:
 + Level 10.9 Long Blades
 - Level 2.1 Dodging
 - Level 2.4 Stealth
 - Level 4.4 Shields
 - Level 1.7 Spellcasting
 - Level 3.6 Conjurations
 + Level 12.8 Evocations


You had 8 spell levels left.
You knew the following spells:

 Your Spells              Type           Power      Damage    Failure   Level
e - Magic Dart            Conj           56%        1d5       32%         1

Your spell library contained the following spells:

 Spells                   Type           Power      Damage    Failure   Level
 Searing Ray              Conj           28%        3d4       45%         2
 Passwall                 Tmut/Erth      0%         N/A       91%         2
 Dazzling Flash           Conj/Hex       16%        N/A       91%         3
 Fulminant Prism          Conj/Hex       4%         3d6       100%        4
 Iskenderun's Mystic Bla  Conj/Tloc      8%         2d4       100%        4
 Petrify                  Tmut/Erth      1%         N/A       100%        4
 Alistair's Intoxication  Tmut/Pois      0%         N/A       100%        5
 Yara's Violent Unravell  Hex/Tmut       0%         3d3       100%        5


Dungeon Overview and Level Annotations

Branches:
Dungeon (1/1)

Altars:
Ashenzari
Cheibriados
Dithmenos
Elyvilon
Fedhas
Gozag
Hepliaklqana
Kikubaaqudgha
Makhleb
Nemelex Xobeh
Okawaru
Qazlal
Ru
Sif Muna
Trog
Uskayaw
Vehumet
Wu Jian
Xom
Yredelemnul
Zin
The Shining One
Beogh
Jiyva
Lugonu

Annotations:
D 1 transporter


Innate Abilities, Weirdness & Mutations

You are resistant to damage.
You can heal yourself by infusing magical energy.
You passively map a small area around you.
You do not regenerate.


Message History

The quasit claws you but does no damage.
You block the quasit's attack.
Ateibunn gestures.
Ateibunn blinks!
Unknown command.
Unknown command.
You slice the quasit!!
You kill the quasit!
Makhleb accepts your kill.
You feel better.
The quicksilver dragon breathes dispelling energy at you.
The bolt of dispelling energy hits you!!
Unknown command.
You slash the quicksilver dragon!
You kill the quicksilver dragon!
The quicksilver dragon's corpse disappears in a puff of smoke!
Ateibunn gestures at you. The bolt of dispelling energy hits you!
* * * LOW HITPOINT WARNING * * *
The quicksilver dragon bites you. The quicksilver dragon claws you.
* * * LOW HITPOINT WARNING * * *
Unknown command.
Unknown command.
Blink to where?
Press: ? - help, Dir - move target
As you read the scroll of blinking, it crumbles to dust.
You feel much better. You block Ateibunn's attack.
The quicksilver dragon breathes dispelling energy at you.
The bolt of dispelling energy hits you!!!
Ouch! That really hurt!
* * * LOW HITPOINT WARNING * * *
Unknown command.
Unknown command.
You feel much better. Ateibunn hits you! Ateibunn freezes you.
A red film seems to cover your vision as you go berserk!
You feel yourself moving faster!
You feel mighty! Ateibunn hits you!!
* * * LOW HITPOINT WARNING * * *
The quicksilver dragon breathes dispelling energy at you.
The bolt of dispelling energy hits you!!!
You die...

▓.8©8.▓.8©8.▓.8©8.▓
▓...).▓...|.▓.....▓
▓..[..▓.....▓.....▓
,
▓.....▓.....▓.....▓
▓.....▓.....▓.....▓
▓.....▓..†..▓..©..▓
,
▓..©..▓..©..▓▓▓▓▓▓▓
▓▓▓▓▓▓▓▓▓▓▓▓▓▓▓▓▓▓▓
,
▓..8©8...▓..8@8...▓
▓..).....▓.D&|[...▓
,▓...)....▓..}D[...▓
*
▓........▓........▓
,
▓........▓........▓
,▓.▓....▓.▓.▓....▓.▓
,
▓...©....▓...©....▓
,
▓▓▓▓▓▓▓▓▓▓▓▓▓▓▓▓▓▓▓
, , , *, ,,


You could see Ateibunn and 2 quicksilver dragons.

Vanquished Creatures
  A flying skull (D)
  A water moccasin (D)
  A floating eye (D)
  3 quasits (D)
  2 jellies (D)
  2 mummies (D)
  A white imp (D)
  An ufetubus (D)
  2 ball pythons (D)
  An endoplasm (D)
  A ball python skeleton (D)
  A ball python zombie (D)
17 creatures vanquished.

Notes
Turn   | Place    | Note
-------+----------+-------------------------------------------
     0 | D        | Ankalagon the Deep Dwarf Conjurer began the quest for the
                  | Orb.
     0 | D        | Reached XP level 1. HP: 15/15 MP: 3/3
     3 | D        | Found a blossoming altar of Fedhas.
     3 | D        | Found the +6 Majin-Bo {vamp, MP+6 Int+6}
     3 | D        | Found the +9 heavy crossbow "Sniper" {vorpal, Acc+∞ SInv}
     3 | D        | Found the +10 dark maul {vorpal}
     3 | D        | Found the +15 Maxwell's patent armour {-Cast -Tele rElec
                  | Will+ rCorr}
     3 | D        | Found the +18 shield of the Gong {rElec rN+ Will+ EV-5}
     3 | D        | Found the +14 obsidian axe {vorpal, Drain Fly SInv}
     3 | D        | Found the +7 great mace "Firestarter" {inner flame, rF++}
     3 | D        | Found the +6 shillelagh "Devastator" {shatter}
     3 | D        | Found the +11 plutonium sword {Contam Stlth-}
     3 | D        | Found the +8 lance "Wyrmbane" {slay drac, rPois rF+ rC+
                  | AC+3}
     3 | D        | Found the +9 sword of Zonguldrok {reap}
     3 | D        | Found the +13 scythe of Curses {drain, Drain}
     3 | D        | Found the +5 sword of Power {vorpal}
     3 | D        | Found the +7 mace of Variability {chain chaos}
     3 | D        | Found the +7 Singing Sword {vorpal, sonic wave}
     3 | D        | Found the +8 storm bow {elec, penet}
     5 | D        | Found a viscous altar of Jiyva.
     5 | D        | Found a transporter.
     5 | D        | Found a hazy altar of Hepliaklqana.
     5 | D        | Found an ancient bone altar of Kikubaaqudgha.
     5 | D        | Found an opulent altar of Gozag.
     5 | D        | Found a corrupted altar of Lugonu.
     7 | D        | Found a shimmering blue altar of Sif Muna.
     7 | D        | Found a sacrificial altar of Ru.
     7 | D        | Found a bloodstained altar of Trog.
     7 | D        | Found a stormy altar of Qazlal.
     7 | D        | Found an iron altar of Okawaru.
     7 | D        | Found a sparkling altar of Nemelex Xobeh.
     9 | D        | Found a burning altar of Makhleb.
    38 | D        | Became a worshipper of Makhleb the Destroyer
    51 | D        | Reached skill level 5 in Evocations
    51 | D        | Reached XP level 2. HP: 22/22 MP: 4/4
    53 | D        | Entered arena 2.
    53 | D        | Found a transporter.
    58 | D        | Reached skill level 5 in Long Blades
    58 | D        | Reached XP level 3. HP: 28/28 MP: 5/5
    78 | D        | Entered arena 3.
    78 | D        | Noticed a water moccasin
    78 | D        | Found a transporter.
    79 | D        | Reached * piety under Makhleb
    89 | D        | Killed a water moccasin
    90 | D        | Reached skill level 8 in Evocations
    90 | D        | Reached XP level 4. HP: 31/36 MP: 6/6
    90 | D        | Reached XP level 5. HP: 36/42 MP: 7/7
    95 | D        | Got the Disquisition on Transmigration
   202 | D        | Entered arena 4.
   202 | D        | Noticed a flying skull
   202 | D        | Found a transporter.
   203 | D        | Reached ** piety under Makhleb
   205 | D        | Reached skill level 9 in Evocations
   206 | D        | Killed a flying skull
   207 | D        | Reached skill level 11 in Evocations
   207 | D        | Reached XP level 6. HP: 49/49 MP: 8/8
   212 | D        | Got the ring "Emaint" {Fly Int+4}
   220 | D        | Entered arena 5.
   220 | D        | Found the amulet of the Four Winds {rN+ Will+++ Clar}
   220 | D        | Noticed a floating eye
   220 | D        | Found a transporter.
   222 | D        | Killed a floating eye
   222 | D        | Reached *** piety under Makhleb
   223 | D        | Reached skill level 10 in Long Blades
   223 | D        | Reached skill level 12 in Evocations
   241 | D        | Entered arena 6.
   241 | D        | Noticed Ateibunn the pandemonium lord
   241 | D        | Found a transporter.
   242 | D        | Noticed a quicksilver dragon
   249 | D        | Reached **** piety under Makhleb
   251 | D        | Reached XP level 7. HP: 14/55 MP: 9/9
   251 | D        | Noticed a quicksilver dragon
   252 | D        | Noticed a quicksilver dragon
   258 | D        | Killed from afar by a quicksilver dragon

Illustrated notes

Levels and vault maps discovered:
D:        sprint_v [room_start, room_1, room_2, room_3, room_4, room_5, room_6,
          room_7, room_8, room_9, room_10, room_11, room_12, room_13, room_14,
          room_15, room_16, room_17, room_18, room_19, room_20, room_21,
          room_22, room_23, room_24, room_25, room_26, room_27]

Skill      XL: |  1  2  3  4  5  6 |
---------------+-------------------+-----
Long Blades    | 4 5 8 9 10 | 10.9
Shields        | 4 |  4.4
Evocations     | 5 8 11 12 | 12.8
Dodging        | |  2.1
Stealth        | |  2.4
Spellcasting   | |  1.7
Conjurations   | |  3.6

Action                   |  1- 3 |  4- 6 |  7- 9 || total
-------------------------+-------+-------+-------++-------
Melee: Double sword      |    13 |     4 |     2 ||    19
Evoke: Lightning rod     |     2 |     7 |       ||     9
  Use: Potion            |     2 |     2 |     5 ||     9
       Scroll            |       |       |     1 ||     1
Armor: Storm dragon scal |     9 |     3 |     3 ||    15
Dodge: Dodged            |    12 |     3 |     2 ||    17
Block: Buckler           |    11 |     2 |     3 ||    16

Table legend: (Time is in decaauts)
 A = Elapsed time spent in this place.
 B = Non-inter-level travel time spent in this place.
 C = Inter-level travel time spent in this place.
 D = Time resting spent in this place.
 E = Time spent auto-exploring this place.
 F = Levels seen in this place.
 G = Mean time per level.
                   A        B        C        D        E       F      G
               +--------+--------+--------+--------+--------+-----+--------+
         Total |    267 |    267 |      0 |    100 |      0 |   1 |  267.0 |
       Dungeon |    267 |    267 |      0 |    100 |      0 |   1 |  267.0 |
               +--------+--------+--------+--------+--------+-----+--------+

Top non-repeatable levels by time:
       D: 267 daAuts
